 Dungeon Crawl Stone Soup version 0.26-a0-58-g79b31b8662 (webtiles) character file.

Game seed: 4346447060799890019

4442 Ozzies the Fighter (level 10, -1/68 HPs)
             Began as a Gargoyle Fighter on June 8, 2020.
             Was a Priest of Okawaru.
             Slain by a vampire (3 damage)
             ... on level 8 of the Dungeon.
             The game lasted 00:19:11 (8557 turns).

Ozzies the Fighter (Gargoyle Fighter)               Turns: 8557, Time: 00:19:12

Health: -1/68      AC: 17    Str: 28    XL:     10   Next: 37%
Magic:  10/10      EV: 10    Int: 10    God:    Okawaru [***...]
Gold:   507        SH: 12    Dex:  9    Spells: 9/9 levels left

rFire    + . .     SeeInvis .   n - +1 whip (elec)
rCold    . . .     Gourm    .   c - +1 kite shield
rNeg     + . .     Faith    .   b - +0 scale mail
rPois    ∞         Spirit   .   J - +0 helmet
rElec    +         Reflect  .   (no cloak)
rCorr    .         Harm     .   (no gloves)
MR       .....                  v - +0 pair of boots (curse)
Stlth    ..........             (no amulet)
HPRegen  0.21/turn              s - ring of protection from fire
MPRegen  0.12/turn              d - +6 ring of strength

@: no status effects
A: negative energy resistance 1, electricity resistance, unbreathing,
petrification resistance, rot immunity, AC +7
a: Heroism, Renounce Religion


You were on level 8 of the Dungeon.
You worshipped Okawaru.
Okawaru was most pleased with you.
You were not hungry.

You visited 2 branches of the dungeon, and saw 9 of its levels.

You collected 507 gold pieces.

Inventory:

Hand Weapons
 a - a +0 flail
 i - a +0 whip
 j - a +1 flail of protection
 n - a +1 whip of electrocution (weapon)
 q - a +0 whip
 B - a +0 morningstar
Armour
 b - a +0 scale mail (worn)
 c - a +1 kite shield (worn)
 t - a -1 robe
 v - a cursed +0 pair of boots (worn)
 H - a +0 plate armour
 J - a +0 helmet (worn)
 K - a +2 buckler
Jewellery
 d - a +6 ring of strength (right hand)
 o - a +6 ring of intelligence
 s - a ring of protection from fire (left hand)
 F - an uncursed ring of fire
Wands
 r - a wand of enslavement (7)
 y - a wand of digging (6)
 E - a wand of paralysis (4)
 G - a wand of iceblast (6)
Scrolls
 g - 3 scrolls of fear
 m - 2 scrolls of enchant armour
 p - 2 scrolls of magic mapping {unknown}
 u - 2 scrolls of enchant weapon {unknown}
 x - a scroll of fog {unknown}
 C - a scroll of vulnerability {unknown}
 D - 2 scrolls of amnesia
 I - 2 scrolls of identify {unknown}
 L - a scroll of remove curse
 M - 2 scrolls of teleportation {unknown}
 N - a scroll of blinking {unknown}
Potions
 e - 6 potions of heal wounds
 h - 2 potions of stabbing {unknown}
 k - 4 potions of brilliance {unknown}
 l - a potion of flight {unknown}
 w - a potion of resistance
 z - 2 potions of curing {unknown}
 A - 2 potions of degeneration {unknown}
Comestibles
 f - 12 rations
 O - 2 chunks of flesh


   Skills:
 * Level 10.9 Fighting
 + Level 7.6 Maces & Flails
 + Level 6.8 Armour
 - Level 3.0 Dodging
 + Level 6.8 Shields


You had 9 spell levels left.
You didn't know any spells.
Your spell library was empty.

Dungeon Overview and Level Annotations

Branches:
Dungeon (8/15)             Temple (1/1) D:5
   Lair: D:8-11

Altars:
Cheibriados
Elyvilon
Gozag
Makhleb
Okawaru
Qazlal
Sif Muna
Uskayaw
Xom


Innate Abilities, Weirdness & Mutations

You are resistant to torment.
Your stone body is resilient. (AC +7)
You are immune to poison.
You resist negative energy. (rN+)
You are resistant to electric shocks. (rElec)
You can survive without breathing.
You are immune to petrification.
You are immune to rotting.


Message History

You hit something. Something hits you but does no damage. Something bites you!
* * * LOW HITPOINT WARNING * * *
You closely miss something. The gnoll hits you but does no damage.
Unholy energy fills the air.
* * * LOW HITPOINT WARNING * * *
You hit something but do no damage. Lightning courses through something!
The gnoll hits you but does no damage.
The crimson imp blinks!
Something hits you but does no damage. Something bites you.
* * * LOW HITPOINT WARNING * * *
You miss something. You block the gnoll's attack. You block something's attack.
Something bites you.
* * * LOW HITPOINT WARNING * * *
You barely miss something. You block the gnoll's attack.
You whack something! Something hits you.
* * * LOW HITPOINT WARNING * * *
You block something's attack. The gnoll hits you but does no damage.
You miss something. Something hits you.
* * * LOW HITPOINT WARNING * * *
Something bites you.
You die...

.'...').......#
##...#).......#
##...#........#
.....######'### .....#
#..# .....# ##.##
...##### #..# .
##.)...######.#######.5.#
.(.)...+...†..Z{@...'...+
.......######.g####.#...#
...##### ##'# # # ...#
#..V...y..# ...#
#....V....# ...#
#...y.....# ####
#......#..# #...... #g#
#...... ..


You could see a gnoll, a crimson imp and a hound skeleton.

Vanquished Creatures
  Prince Ribbit (D:8)
  A hippogriff (D:7)
  A spriggan (D:7)
  Edmund (D:4)
  A water moccasin (D:6)
  4 ice beasts (D:5)
  A phantom (D:6)
  5 orc warriors
  A sky beast (D:5)
  A necrophage (D:5)
  4 ogres
  2 big kobolds
  2 bullfrogs
  3 scorpions
  5 killer bees (D:8)
  2 bullfrog zombies (D:5)
  3 crimson imps
  A centaur zombie (D:6)
  2 centaur skeletons
  5 jellies
  9 orc priests
  An iguana (D:7)
  Ijyb (D:5)
  12 orc wizards
  8 worker ants
  2 hound zombies (D:6)
  A hound skeleton (D:7)
  3 worker ant zombies
  14 adders
  5 gnolls
  A howler monkey skeleton (D:4)
  A shadow imp (D:5)
  An ooze (D:7)
  7 worms
  3 dart slugs
  5 leopard geckos
  34 orcs
  3 ball pythons
  9 bats
  5 giant cockroaches
  9 hobgoblins
  3 jackals (D:3)
  11 kobolds
  2 quokkas
  6 frilled lizards
  6 goblins
  A jackal skeleton (D:4)
  A quokka skeleton (D:5)
  A quokka zombie (D:5)
  6 rats
217 creatures vanquished.

Notes
Turn   | Place    | Note
-------+----------+-------------------------------------------
     0 | D:1      | Ozzies the Gargoyle Fighter began the quest for the Orb.
     0 | D:1      | Reached XP level 1. HP: 14/14 MP: 1/1
   213 | D:1      | Reached XP level 2. HP: 14/19 MP: 2/2
   791 | D:1      | Reached XP level 3. HP: 23/23 MP: 3/3
  1363 | D:2      | Reached XP level 4. HP: 25/28 MP: 4/4
  1893 | D:2      | Reached XP level 5. HP: 31/33 MP: 5/5
  1966 | D:2      | Reached skill level 4 in Fighting
  2578 | D:3      | Reached skill level 5 in Fighting
  2578 | D:3      | Reached XP level 6. HP: 30/40 MP: 6/6
  3100 | D:4      | Reached skill level 6 in Fighting
  3122 | D:4      | Reached XP level 7. HP: 43/47 MP: 7/7
  3219 | D:4      | Reached skill level 5 in Maces & Flails
  3409 | D:4      | Reached skill level 7 in Fighting
  3564 | D:4      | Found a burning altar of Makhleb.
  3647 | D:4      | Noticed Edmund
  3672 | D:4      | Killed Edmund
  3906 | D:5      | Entered Level 5 of the Dungeon
  3918 | D:5      | Reached XP level 8. HP: 54/54 MP: 8/8
  4115 | D:5      | Reached skill level 8 in Fighting
  4146 | D:5      | Reached skill level 1 in Dodging
  4343 | D:5      | Found a transporter.
  4450 | D:5      | Found a transporter.
  4462 | D:5      | Found a staircase to the Ecumenical Temple.
  4467 | D:5      | Noticed Ijyb
  4472 | Temple   | Entered the Ecumenical Temple
  4484 | Temple   | Became a worshipper of Warmaster Okawaru
  4502 | D:5      | Killed Ijyb
  4917 | D:5      | Reached skill level 5 in Armour
  5143 | D:5      | Reached skill level 9 in Fighting
  5143 | D:5      | Reached XP level 9. HP: 51/60 MP: 9/9
  5622 | D:6      | Reached * piety under Okawaru
  5791 | D:6      | Reached skill level 5 in Shields
  6548 | D:7      | Reached ** piety under Okawaru
  6906 | D:7      | Reached skill level 10 in Fighting
  7487 | D:7      | Reached XP level 10. HP: 62/68 MP: 10/10
  8342 | D:8      | Noticed Prince Ribbit
  8346 | D:8      | Reached *** piety under Okawaru
  8366 | D:8      | Killed Prince Ribbit
  8557 | D:8      | HP: 2/68 [something (5)]
  8557 | D:8      | Slain by a vampire

Illustrated notes

Levels and vault maps discovered:
D:1:      minmay_arrival_plants_in_alcoves, layout_basic,
          minmay_strange_pillars, minmay_misc_feat_rows
D:2:      layout_loops_ring, hangedman_abyss_or_decor_stabs
D:3:      layout_loops_ring
D:4:      layout_cave_pools, bloody_makhleb, serial_column_ruins,
          column_ruins_hut, column_ruins_square_large, column_ruins_grid_1,
          column_ruins_columns_straight, column_ruins_columns_straight,
          column_ruins_open_small, column_ruins_grid_1, column_ruins_open_tiny,
          uniq_edmund
D:5:      gammafunk_cloud_chamber, layout_layer_cave,
          minmay_temple_entry_stoned_glass, first_ration, kennysheep_potato,
          uniq_ijyb
D:6:      layout_basic, minmay_misc_feat_x
D:7:      wad_crossroads, layout_basic, nrook_campfire, the_bakery,
          corexii_corridor_pit, serial_park_tiny_pond
D:8:      layout_basic, uniq_prince_ribbit1
Temple:   nicolae_temple_the_god_donut

Skill      XL: |  1  2  3  4  5  6  7  8  9 |
---------------+----------------------------+-----
Maces & Flails | 3 4 5 6 7 |  7.6
Armour         | 4 5 6 |  6.8
Fighting       | 5 6 7 9 10 | 10.9
Dodging        | 2 3 |  3.0
Shields        | 4 6 |  6.8

Action                   |  1- 3 |  4- 6 |  7- 9 | 10-12 || total
-------------------------+-------+-------+-------+-------++-------
Melee: Flail             |   162 |   118 |       |       ||   280
       Whip              |       |   100 |   518 |   155 ||   773
  Use: Scroll            |     4 |       |     1 |       ||     5
       Potion            |       |       |     3 |       ||     3
  Eat: Chunk             |     2 |     6 |     7 |     4 ||    19
       Ration            |       |       |     2 |       ||     2
Armor: Scale mail        |    95 |    86 |   214 |    63 ||   458
Dodge: Dodged            |    60 |    69 |   113 |    37 ||   279
Block: Kite shield       |   103 |   109 |   268 |    91 ||   571

Table legend:
 A = Non-vault XP
 B = Vault XP
 C = Vault XP percentage of total XP
 D = Non-vault monster count
 E = Vault monster count
 F = Vault count percentage of total count
                 A         B        C        D         E       F
            +---------+---------+-------+---------+---------+-------
      Total |    4853 |    1494 |  23.5 |     204 |      13 |   6.0
            +---------+---------+-------+---------+---------+-------
        D:1 |      39 |       0 |   0.0 |      19 |       0 |   0.0
        D:2 |     140 |       0 |   0.0 |      21 |       0 |   0.0
        D:3 |     215 |       0 |   0.0 |      35 |       0 |   0.0
        D:4 |     616 |     173 |  21.9 |      30 |       1 |   3.2
        D:5 |     781 |     461 |  37.1 |      25 |       6 |  19.4
        D:6 |     979 |       0 |   0.0 |      25 |       0 |   0.0
        D:7 |    1250 |     586 |  31.9 |      32 |       5 |  13.5
        D:8 |     833 |     274 |  24.8 |      17 |       1 |   5.6
            +---------+---------+-------+---------+---------+-------
